UAA
MYRTLE BEACH MERMEN @ MARMORA SCRAMBLERS
08/10/2017
 
TOP OF THE 1ST
Myrtle Beach Mermen batting - Pitching for Marmora Scramblers : RHP Chris Hopkins
Pitching: RHP Chris Hopkins
Batting: RHB José Caballero 0-0: Ball
1-0: Called Strike
1-1: Swinging Strike
1-2: Hit by Pitch
Batting: RHB António Ruíz 0-0: Ball
1-0: Called Strike
1-1: Ball
2-1: Ground out 5-3 (Groundball, 5S)
José Caballero to second
Batting: RHB Pat Lindsey 0-0: Ball
1-0: DOUBLE (Groundball, 5L)
José Caballero scores
Batting: LHB Chris Hill 0-0: Called Strike
0-1: Ball
1-1: Swinging Strike
1-2: Ball
2-2: Foul Ball, location: 2F
2-2: Ball
3-2: Strikes out looking
Batting: RHB Max White 0-0: Fly out, F8 (Flyball, 8LM)
Top of the 1st over - 1 run(s), 1 hit(s), 0 error(s), 1 left on base; Myrtle Beach 1 - Marmora 0
BOTTOM OF THE 1ST
Marmora Scramblers batting - Pitching for Myrtle Beach Mermen : RHP Ralph McKinney
Pitching: RHP Ralph McKinney
Batting: LHB Markus Richardson 0-0: Called Strike
0-1: Called Strike
0-2: Strikes out swinging
Batting: SHB Carlton Reed 0-0: Called Strike
0-1: Ball
1-1: Called Strike
1-2: Foul Ball, location: 2F
1-2: Ball
2-2: Foul Ball, location: 2F
2-2: Foul Ball, location: 2F
2-2: Foul Ball, location: 2F
2-2: Ball
3-2: Strikes out swinging
Batting: SHB Dave Orchard 0-0: Ball
1-0: Foul Ball, location: 2F
1-1: Ground out 5-3 (Groundball, 5S)
Bottom of the 1st over - 0 run(s), 0 hit(s), 0 error(s), 0 left on base; Myrtle Beach 1 - Marmora 0
TOP OF THE 2ND
Myrtle Beach Mermen batting - Pitching for Marmora Scramblers : RHP Chris Hopkins
Batting: RHB Mike Fleming 0-0: SINGLE (Groundball, 56D)
Batting: RHB Sal Haynes 0-0: SINGLE (Line Drive, 8LS)
Mike Fleming to second
Batting: SHB Avery Little 0-0: Ball
1-0: Ball
2-0: Ball
3-0: Called Strike
3-1: Foul Ball, location: 2F
3-2: Foul Ball, location: 2F
3-2: Base on Balls
Mike Fleming to third
Sal Haynes to second
Batting: RHB Kevin Tyler 0-0: Ball
1-0: Ball
2-0: Foul Ball, location: 2F
2-1: Foul Ball, location: 2F
2-2: Grounds into double play, 4-6-3 (Groundball, 4)
Mike Fleming scores
Sal Haynes to third
Batting: RHB José Caballero 0-0: Ball
1-0: Foul Ball, location: 2F
1-1: Foul Ball, location: 2F
1-2: Strikes out swinging
Top of the 2nd over - 1 run(s), 2 hit(s), 0 error(s), 1 left on base; Myrtle Beach 2 - Marmora 0
BOTTOM OF THE 2ND
Marmora Scramblers batting - Pitching for Myrtle Beach Mermen : RHP Ralph McKinney
Batting: LHB Randy Daugherty 0-0: Swinging Strike
0-1: Called Strike
0-2: Foul Ball, location: 2F
0-2: Ground out 5-3 (Groundball, 56S)
Batting: LHB Steve Riggs 0-0: Ball
1-0: TRIPLE (Line Drive, 7LM)
Batting: LHB Tomás Guillén 0-0: Ball
1-0: Ball
2-0: Called Strike
2-1: DOUBLE (Line Drive, 8LM)
Steve Riggs scores
Batting: RHB Carl Carlson 0-0: Called Strike
0-1: SINGLE (Line Drive, 8RM)
Tomás Guillén to third
Batting: RHB Andrew Weeks 0-0: Called Strike
0-1: Ball
1-1: Grounds into double play, 4-6-3 (Groundball, 4M)
Bottom of the 2nd over - 1 run(s), 3 hit(s), 0 error(s), 1 left on base; Myrtle Beach 2 - Marmora 1
TOP OF THE 3RD
Myrtle Beach Mermen batting - Pitching for Marmora Scramblers : RHP Chris Hopkins
Batting: RHB António Ruíz 0-0: Reached on Error, E9 (Line Drive, 9M)
Batting: RHB Pat Lindsey 0-0: Ball
1-0: Ball
2-0: Ball
3-0: Base on Balls
Batting: LHB Chris Hill 0-0: Called Strike
0-1: Ball
1-1: Ball
2-1: Swinging Strike
2-2: Ball
3-2: DOUBLE (Line Drive, 8LS)
António Ruíz scores
Pat Lindsey to third
Batting: RHB Max White 0-0: Called Strike
0-1: Ball
1-1: Ball
2-1: Foul Ball, location: 2F
2-2: Foul Ball, location: 2F
2-2: Strikes out swinging
Pitching: RHP Michael Adams
Batting: RHB Mike Fleming 0-0: Ground out 6-3 (Groundball, 6)
Pat Lindsey scores
Batting: RHB Sal Haynes 0-0: Swinging Strike
0-1: Called Strike
0-2: Strikes out swinging
Top of the 3rd over - 2 run(s), 1 hit(s), 1 error(s), 1 left on base; Myrtle Beach 4 - Marmora 1
BOTTOM OF THE 3RD
Marmora Scramblers batting - Pitching for Myrtle Beach Mermen : RHP Ralph McKinney
Batting: RHB Larry Bryant 0-0: Called Strike
0-1: Foul Ball, location: 2F
0-2: Ball
1-2: Ball
2-2: Ball
3-2: Strikes out looking
Batting: LHB Markus Richardson 0-0: Swinging Strike
0-1: Foul Ball, location: 2F
0-2: Ball
1-2: Strikes out swinging
Batting: SHB Carlton Reed 0-0: Ball
1-0: Foul Ball, location: 2F
1-1: Ground out 5-3 (Groundball, 56)
Bottom of the 3rd over - 0 run(s), 0 hit(s), 0 error(s), 0 left on base; Myrtle Beach 4 - Marmora 1
TOP OF THE 4TH
Myrtle Beach Mermen batting - Pitching for Marmora Scramblers : RHP Michael Adams
Batting: SHB Avery Little 0-0: Ball
1-0: Ball
2-0: Called Strike
2-1: Fly out, F8 (Flyball, 8LM)
Batting: RHB Kevin Tyler 0-0: Foul Ball, location: 2F
0-1: Foul Ball, location: 2F
0-2: Strikes out looking
Batting: RHB José Caballero 0-0: Fly out, F8 (Flyball, 8LM)
Top of the 4th over - 0 run(s), 0 hit(s), 0 error(s), 0 left on base; Myrtle Beach 4 - Marmora 1
BOTTOM OF THE 4TH
Marmora Scramblers batting - Pitching for Myrtle Beach Mermen : RHP Ralph McKinney
Batting: SHB Dave Orchard 0-0: Called Strike
0-1: Foul Ball, location: 2F
0-2: Strikes out looking
Batting: LHB Randy Daugherty 0-0: Ball
1-0: Foul Ball, location: 2F
1-1: Ball
2-1: SINGLE (Groundball, 4MD)
Batting: LHB Steve Riggs 0-0: Ball
1-0: Ball
2-0: SINGLE (Line Drive, 89S)
Randy Daugherty to second
Batting: LHB Tomás Guillén 0-0: Called Strike
0-1: Fly out, F7 (Flyball, 7LMF)
Batting: RHB Carl Carlson 0-0: Ball
1-0: Swinging Strike
1-1: Ball
2-1: Foul Ball, location: 2F
2-2: Fly out, F3 (Popup, 3F)
Bottom of the 4th over - 0 run(s), 2 hit(s), 0 error(s), 2 left on base; Myrtle Beach 4 - Marmora 1
TOP OF THE 5TH
Myrtle Beach Mermen batting - Pitching for Marmora Scramblers : RHP Michael Adams
Batting: RHB António Ruíz 0-0: Fly out, F8 (Flyball, 8RM)
Batting: RHB Pat Lindsey 0-0: Ball
1-0: Ball
2-0: Foul Ball, location: 2F
2-1: Fly out, F8 (Flyball, 8LM)
Batting: LHB Chris Hill 0-0: Called Strike
0-1: Foul Ball, location: 2F
0-2: Ball
1-2: Foul Ball, location: 2F
1-2: Foul Ball, location: 2F
1-2: Fly out, F7 (Flyball, 78S)
Top of the 5th over - 0 run(s), 0 hit(s), 0 error(s), 0 left on base; Myrtle Beach 4 - Marmora 1
BOTTOM OF THE 5TH
Marmora Scramblers batting - Pitching for Myrtle Beach Mermen : RHP Ralph McKinney
Batting: RHB Andrew Weeks 0-0: Fly out, F4 (Popup, 4)
Batting: RHB Larry Bryant 0-0: Ball
1-0: Ground out 5-3 (Groundball, 5)
Batting: LHB Markus Richardson 0-0: Ball
1-0: Called Strike
1-1: Ball
2-1: Foul Ball, location: 2F
2-2: Ground out 1-3 (Groundball, 2L)
Bottom of the 5th over - 0 run(s), 0 hit(s), 0 error(s), 0 left on base; Myrtle Beach 4 - Marmora 1
TOP OF THE 6TH
Myrtle Beach Mermen batting - Pitching for Marmora Scramblers : RHP Michael Adams
Batting: RHB Max White 0-0: Ball
1-0: Ball
2-0: Ground out 4-3 (Groundball, 4M)
Batting: RHB Mike Fleming 0-0: Ball
1-0: SINGLE (Line Drive, 8RS)
Batting: RHB Sal Haynes 0-0: Ball
1-0: Foul Ball, location: 2F
1-1: Ball
2-1: Foul Ball, location: 2F
2-2: Fly out, F7 (Flyball, 8LM)
Batting: SHB Avery Little 0-0: Called Strike
0-1: Foul Ball, location: 2F
0-2: Ball
1-2: SINGLE (Flyball, 8RS)
Mike Fleming to second
Batting: RHB Kevin Tyler 0-0: Ball
1-0: Called Strike
1-1: Foul Ball, location: 2F
1-2: Foul Ball, location: 2F
1-2: Strikes out looking
Top of the 6th over - 0 run(s), 2 hit(s), 0 error(s), 2 left on base; Myrtle Beach 4 - Marmora 1
BOTTOM OF THE 6TH
Marmora Scramblers batting - Pitching for Myrtle Beach Mermen : RHP Ralph McKinney
Batting: SHB Carlton Reed 0-0: Ball
1-0: Ground out 6-3 (Groundball, 6)
Batting: SHB Dave Orchard 0-0: Called Strike
0-1: Ground out 1-3 (Groundball, 13S)
Batting: LHB Randy Daugherty 0-0: Called Strike
0-1: Swinging Strike
0-2: SINGLE (Line Drive, 7LM)
Batting: LHB Steve Riggs 0-0: Ball
1-0: Ball
2-0: Ball
3-0: Called Strike
3-1: Swinging Strike
3-2: Base on Balls
Randy Daugherty to second
Batting: LHB Tomás Guillén 0-0: Ball
1-0: Called Strike
1-1: Swinging Strike
1-2: Ball
2-2: Foul Ball, location: 2F
2-2: Foul Ball, location: 2F
2-2: Reached on error, E3 (Groundball, 3L)
Randy Daugherty to third
Steve Riggs to second
Batting: RHB Carl Carlson 0-0: Ball
1-0: Called Strike
1-1: Ball
2-1: Ball
3-1: Swinging Strike
3-2: Strikes out looking
Bottom of the 6th over - 0 run(s), 1 hit(s), 1 error(s), 3 left on base; Myrtle Beach 4 - Marmora 1
TOP OF THE 7TH
Myrtle Beach Mermen batting - Pitching for Marmora Scramblers : RHP Michael Adams
Pitching: RHP Scott Garrison
Batting: RHB José Caballero 0-0: Called Strike
0-1: Fly out, F4 (Popup, 4)
Batting: RHB António Ruíz 0-0: Ball
1-0: Foul Ball, location: 2F
1-1: Ground out 1-3 (Groundball, 15)
Batting: RHB Pat Lindsey 0-0: Ball
1-0: Ground out 6-3 (Groundball, 6S)
Top of the 7th over - 0 run(s), 0 hit(s), 0 error(s), 0 left on base; Myrtle Beach 4 - Marmora 1
BOTTOM OF THE 7TH
Marmora Scramblers batting - Pitching for Myrtle Beach Mermen : RHP Ralph McKinney
Batting: RHB Andrew Weeks 0-0: Ball
1-0: Called Strike
1-1: Ground out 5-3 (Groundball, 5)
Batting: RHB Larry Bryant 0-0: SINGLE (Groundball, 56D)
Batting: LHB Markus Richardson 0-0: Ball
1-0: Called Strike
1-1: Swinging Strike
1-2: Strikes out swinging
Batting: SHB Carlton Reed 0-0: Called Strike
0-1: Ball
Larry Bryant is caught stealing 2nd base
Bottom of the 7th over - 0 run(s), 1 hit(s), 0 error(s), 0 left on base; Myrtle Beach 4 - Marmora 1
TOP OF THE 8TH
Myrtle Beach Mermen batting - Pitching for Marmora Scramblers : RHP Scott Garrison
Batting: LHB Chris Hill 0-0: Foul Ball, location: 2F
0-1: SINGLE (Groundball, 5L)
Batting: RHB Max White 0-0: Called Strike
0-1: Called Strike
0-2: Ball
1-2: Foul Ball, location: 2F
1-2: Foul Ball, location: 2F
1-2: Strikes out swinging
Batting: RHB Mike Fleming 0-0: Ball
1-0: Foul Ball, location: 2F
1-1: Reached on error, E6 (Groundball, 6)
Chris Hill to second
Batting: RHB Sal Haynes 0-0: Ground out 5-3 (Groundball, 5S)
Chris Hill to third
Mike Fleming to second
Batting: SHB Avery Little 0-0: Called Strike
0-1: Called Strike
0-2: Strikes out swinging
Top of the 8th over - 0 run(s), 1 hit(s), 1 error(s), 2 left on base; Myrtle Beach 4 - Marmora 1
BOTTOM OF THE 8TH
Marmora Scramblers batting - Pitching for Myrtle Beach Mermen : RHP Ralph McKinney
Pitching: RHP William Taylor
Batting: SHB Carlton Reed 0-0: Foul Ball, location: 2F
0-1: Ball
1-1: Foul Ball, location: 2F
1-2: Strikes out swinging
Batting: SHB Dave Orchard 0-0: Fly out, F8 (Flyball, 8RM)
Batting: LHB Randy Daugherty 0-0: Called Strike
0-1: Ball
1-1: Called Strike
1-2: Ball
2-2: SOLO HOME RUN (Flyball, 89XD), Distance : 409 ft
Batting: LHB Steve Riggs 0-0: Ball
1-0: Ground out 4-3 (Groundball, 4M)
Bottom of the 8th over - 1 run(s), 1 hit(s), 0 error(s), 0 left on base; Myrtle Beach 4 - Marmora 2
TOP OF THE 9TH
Myrtle Beach Mermen batting - Pitching for Marmora Scramblers : RHP Scott Garrison
Batting: RHB Kevin Tyler 0-0: Called Strike
0-1: Swinging Strike
0-2: Strikes out swinging
Batting: RHB José Caballero 0-0: Called Strike
0-1: Ball
1-1: Ball
2-1: Swinging Strike
2-2: Foul Ball, location: 2F
2-2: Strikes out swinging
Batting: RHB António Ruíz 0-0: Called Strike
0-1: Called Strike
0-2: Fly out, F7 (Line Drive, 78S)
Top of the 9th over - 0 run(s), 0 hit(s), 0 error(s), 0 left on base; Myrtle Beach 4 - Marmora 2
BOTTOM OF THE 9TH
Marmora Scramblers batting - Pitching for Myrtle Beach Mermen : RHP William Taylor
Pitching: RHP Raúl Areola
Batting: LHB Tomás Guillén 0-0: Ball
1-0: Ground out 1-3 (Groundball, 15S)
Batting: RHB Carl Carlson 0-0: Called Strike
0-1: Foul Ball, location: 2F
0-2: Ball
1-2: Fly out, F6 (Line Drive, 6M)
Batting: RHB Andrew Weeks 0-0: Ball
1-0: Ground out U3 (Groundball, 3)
Bottom of the 9th over - 0 run(s), 0 hit(s), 0 error(s), 0 left on base; Myrtle Beach 4 - Marmora 2
This league is powered by Out of the Park Baseball, the baseball management simulation game for PC, Mac and Linux
Saturday, February 27th, 2021 - OOTP Baseball 15.6 Build 34